 Dungeon Crawl Stone Soup version 0.18-a0-1643-gb89d9db (webtiles) character file.

709996 Foomius the Pioneer (level 27, -5/268 HPs)
             Began as a Deep Dwarf Fighter on Mar 6, 2016.
             Was an Elder of Pakellas.
             Killed from afar by a spark wasp (10 damage)
             ... with a living lightning
             ... on level 2 of the Depths on Mar 28, 2016.
             The game lasted 14:58:19 (82709 turns).

Foomius the Pioneer (Deep Dwarf Fighter)           Turns: 82709, Time: 14:58:21

Health: -5/268     AC: 31    Str: 30      XL:     27
Magic:  0/31       EV: 19    Int: 11      God:    Pakellas [****..]
Gold:   6322       SH: 35    Dex: 11 (12) Spells: 3 memorised, 35 levels left

rFire  + + +     SeeInvis .     a - +5 broad axe (flame)
rCold  x x .     Gourm    .     c - +6 fire dragon armour
rNeg   + + .     Faith    +     s - +8 large shield {reflect}
rPois  .         Spirit   .     q - +2 hat
rElec  .         Dismiss  .     J - +2 cloak {MR+}
rCorr  .         Reflect  +     Q - +2 pair of gloves
SustAt .         Harm     .     F - +2 pair of boots
MR     +++++     Rnd*Tele +     L - amulet of faith
Stlth  ..........               w - ring of protection from magic
                                u - ring of the Commoners {Fire rN+ MR+ Str+5}

@: non-regenerating, almost entirely resistant to hostile enchantments,
extremely unstealthy
A: damage resistance, recharge devices, hooves 1, molten scales 1, clumsy 1,
deformed body, deterioration 1, dopey 1, low mp 2, negative energy resistance 1,
sense surroundings 3, screaming 1, slow regeneration 3, teleportitis 1, weak 1,
subdued magic 2, MP-powered wands
a: Device Recharging, Quick Charge, Device Surge, Renounce Religion
}: 4/15 runes: decaying, serpentine, slimy, silver


You were on level 2 of the Depths.
You worshipped Pakellas.
Pakellas was greatly pleased with you.
You were not hungry.

You visited 10 branches of the dungeon, and saw 57 of its levels.
You visited the Abyss 1 time.
You visited 1 bazaar.
You also visited: Wizlab.

You collected 8887 gold pieces.
You spent 2481 gold pieces at shops.

Inventory:

Hand Weapons
 a - a +5 broad axe of flaming (weapon)
 b - the +5 mace of Xegoghecw {flame, rElec}
   (You found it on level 5 of the Lair of Beasts)

   It has been specially enchanted to burn those struck by it, causing extra
   injury to most foes and up to half again as much damage against particularly
   susceptible opponents.
   It insulates you from electricity.
Armour
 c - a +6 fire dragon armour (worn)
 q - a +2 hat (worn)
 s - a +8 large shield of reflection (worn)
 A - the +1 plate armour of Negligence {rPois rC+ Dex+4}
   (You found it on level 1 of the Elven Halls)

   It affects your dexterity (+4).
   It protects you from cold.
   It protects you from poison.
 F - a +2 pair of boots (worn)
 J - a +2 cloak of magic resistance (worn)
 Q - a +2 pair of gloves (worn)
Rods
 i - a +3 lightning rod (12/12)
   (Pakellas gifted it to you on level 5 of the Vaults)
 k - a +2 rod of inaccuracy (10/10)
   (You found it on level 8 of the Lair of Beasts)
 o - a +2 rod of inaccuracy (9/9)
   (Pakellas gifted it to you on level 1 of the Abyss)
 t - a +9 rod of ignition (14/14)
   (Pakellas gifted it to you on level 9 of the Dungeon)
 v - a +9 iron rod (15/15)
   (You took it off a deep elf archer on level 5 of the Vaults)
 R - a +10 lightning rod (18/18)
   (Pakellas gifted it to you on level 1 of the Swamp)
 W - a +6 lightning rod (11/11)
   (Pakellas gifted it to you on level 1 of the Realm of Zot)
 X - a +9 rod of clouds (16/17)
   (Pakellas gifted it to you on level 14 of the Dungeon)
Jewellery
 j - an uncursed ring of protection from cold
 u - the ring of the Commoners (left hand) {Fire rN+ MR+ Str+5}
   (You took it off a deep elf demonologist on level 5 of the Vaults)

   [ring of fire]

   It enhances your fire magic, and weakens your ice magic.
   It affects your strength (+5).
   It protects you from fire.
   It makes you vulnerable to cold.
   It protects you from negative energy.
   It affects your resistance to hostile enchantments.
 w - a ring of protection from magic (right hand)
 B - an uncursed ring of sustain attributes
 E - an uncursed ring of resist corrosion
 L - an amulet of faith (around neck)
 N - an uncursed ring of see invisible
Wands
 e - a wand of heal wounds (2/9)
 n - a wand of teleportation (7/9)
 G - a wand of hasting (3/9)
 H - a wand of flame (22/48)
 K - a wand of iceblast (5/15)
 M - a wand of disintegration (13/24)
 S - a wand of acid (3/15)
 Y - a wand of digging (8/24)
Scrolls
 d - 5 scrolls of magic mapping
 g - 6 scrolls of blinking
 h - 14 scrolls of remove curse
 C - 11 scrolls of teleportation
 I - 4 scrolls of fear
 O - 4 scrolls of fog
 V - 11 scrolls of identify
Potions
 l - 2 potions of cancellation
 D - a potion of resistance
 P - 2 potions of invisibility
 T - 8 potions of curing
Miscellaneous
 m - a lamp of fire
 p - a fan of gales
 y - a stone of tremors
Comestibles
 f - 17 bread rations


   Skills:
 - Level 20.1 Fighting
 + Level 19.3 Axes
 - Level 19.1 Armour
 - Level 19.0 Dodging
 - Level 26.1 Shields
 - Level 7.0 Spellcasting
 - Level 3.8 Summonings
 - Level 5.1 Necromancy
 - Level 5.0 Translocations
 O Level 27 Evocations


You had 35 spell levels left.
You knew the following spells:

 Your Spells              Type           Power        Failure   Level  Hunger
a - Summon Butterflies    Summ           #.......     1%          1    None
c - Apportation           Tloc           #.........   1%          1    None
v - Vampiric Draining     Necr           #.........   2%          3    ###....


Dungeon Overview and Level Annotations

Branches:
Dungeon (15/15)            Temple (0/1) D:6            Lair (8/8) D:9
  Swamp (4/4) Lair:6        Snake (4/4) Lair:4        Slime (6/6) Lair:7
    Orc (2/2) D:10            Elf (3/3) Orc:2        Vaults (5/5) D:14
  Crypt (0/3) Vaults:3     Depths (5/5) D:15            Zot (5/5) Depths:5

Altars:
Elyvilon
Fedhas
Kikubaaqudgha
Makhleb
Nemelex Xobeh
Pakellas
Qazlal
Ru
Sif Muna
Vehumet
Xom
The Shining One
Beogh
Jiyva

Shops:
D:4 (   D:5 !   D:11 %   D:13 [   Orc:2 *(:[   Elf:2 *   Vaults:2 (
Depths:1 *   Depths:4 (

Portals:
Hell: Depths:1 Depths:2 Depths:3 Depths:4 Depths:5
Abyss: Depths:4
Pandemonium: Depths:3
Ziggurat: Depths:1
Trove: Depths:4 (give +4 shadow dragon armour)

Annotations:
Lair:8 Tomstefer's ghost, journeyman MiGl
Elf:2 3 runed doors


Innate Abilities, Weirdness & Mutations

You are resistant to damage.
You can recharge devices by infusing magical energy.
You resist negative energy.
You passively map a large area around you.
You do not regenerate naturally.
You have large cloven feet.
You are partially covered in molten scales (AC +1).
You are clumsy. (Dex -2)
Armour fits poorly on your strangely shaped body.
Your body sometimes deteriorates upon taking damage.
You are dopey. (Int -2)
Your magical capacity is very low (-20% MP).
You occasionally shout uncontrollably at your foes.
You are occasionally teleported next to monsters.
You are weak. (Str -2)
Your spells are easier to cast, but less powerful.
You expend magic power (3 MP) to strengthen your wands.


Message History

The deep troll looks frightened!
The spark wasp looks frightened! x2
The deep troll looks frightened!
The iron troll looks frightened!
The spark wasp moves out of view.
A spark wasp comes into view.
There is a huge open gate here.
There is a huge open gate here.
The iron troll seems to regain its courage. 3 hell knights come into view.
The hell knight shouts! x2
The hell knight gestures at you while chanting.
Your +8 large shield of reflection reflects the puff of flame!
The puff of flame hits the hell knight.
The hell knight completely resists.
A necromancer comes into view. It is wielding a dagger.
The necromancer shouts!
The hell knight gestures wildly while chanting.
The hell knight seems to speed up.
The spark wasp bursts into living lightning!
The living lightning hits you!
You die...
Pakellas says: That's one more possible approach eliminated.

....#. T.## , , ' ...###
..'##.##..#, * ,** , ....##.
##'.##....## , ...###..
#....#.....# , #####...§
#....##..yT## , , , ,#....
##....##..''### , , , #...
#...#.###''..### * , #.#'
##..##)###.....###, ###(
##..8#.##.....@.## * ######...
##..##.##...≈....p.p##....†÷.≈
##...#.##..≈≈.≈..p.p'...)≈8≈≈
##..##.###...≈≈)..''...≈≈...
##......####....p##.....###
##......#.##############.#
##....''................'
###..#....###⌠##.###....
####..................


You could see a spark wasp, 3 hell knights, a deep troll and 2 necromancers.

Vanquished Creatures
  the Royal Jelly (Slime:6)
  2 ancient liches (Zot:5)
  6 orbs of fire
  2 juggernauts (Depths:2)
  Sojobo (Vaults:3)
  Margery (Depths:5)
  Saint Roka (Vaults:2)
  2 Killer Klowns (Zot:5)
  Norris (Vaults:1)
  2 curse toes
  7 golden dragons
  Xtahua (Vaults:3)
  2 bone dragons
  2 electric golems
  22 tentacled monstrosities
  3 liches (Depths:4)
  6 Orb Guardians (Zot:5)
  2 deep elf blademasters (Elf:3)
  Asterion (Vaults:1)
  6 titans
  25 acid blobs
  6 death cobs
  6 sphinxes
  A deep elf master archer (Elf:3)
  Frances (Snake:2)
  Agnes (D:14)
  15 storm dragons
  A thorn hunter (Swamp:4)
  8 shadow dragons
  5 tengu reavers
  3 large abominations
  4 draconian monks
  10 fire giants
  18 azure jellies
  12 greater nagas
  Donald (Orc:1)
  4 ghost moths
  A deep elf sorcerer (Elf:3)
  14 vault wardens
  5 draconian scorchers
  9 frost giants
  6 draconian zealots
  6 draconian knights
  A ghost moth (shapeshifter) (Depths:2)
  An orc warlord (Vaults:1)
  Aizul (Vaults:1)
  3 deep elf elementalists
  22 ironheart preservers
  4 spriggan defenders
  7 draconian annihilators
  An orange crystal statue (WizLab)
  3 war gargoyles
  A caustic shrike skeleton (Depths:4)
  3 juggernaut skeletons (Depths:4)
  22 very ugly things
  20 stone giants
  2 salamander stormcallers
  8 deep elf demonologists
  10 green draconians
  5 vampire knights
  7 black draconians
  2 draconian callers
  6 mottled draconians
  4 deep elf annihilators (Elf:3)
  5 white draconians
  7 red draconians
  7 yellow draconians
  The ghost of Hilldric the Blocker, a journeyman HOFi of Beogh (Elf:1)
  4 purple draconians
  12 spark wasps
  15 fire dragons
  9 death oozes
  15 ettins
  8 deep elf death magi
  Josephine (D:14)
  38 vault guards
  A great orb of eyes (shapeshifter) (Vaults:2)
  An ice dragon (shapeshifter) (Vaults:5)
  A hell beast (Depths:1)
  6 deep elf high priests
  8 entropy weavers
  13 great orbs of eyes
  23 naga warriors
  3 rakshasas
  9 yaktaur captains
  4 ghost crabs
  14 ice dragons
  A catoblepas (shapeshifter) (Depths:4)
  A ghost crab (shapeshifter) (Vaults:1)
  6 spriggan air magi
  13 hydras
  Erolcha (Orc:1)
  3 death knights
  13 anacondas
  13 ogre magi
  A catoblepas (Lair:5)
  An alligator (Swamp:2)
  5 centaur warriors
  5 tengu warriors
  12 dancing weapons
  8 deep troll earth magi
  3 death yaks
  A titan zombie (Vaults:4)
  10 spriggan berserkers
  A shock serpent (shapeshifter) (Vaults:4)
  An iron giant skeleton (Depths:4)
  Urug (D:14)
  16 naga sharpshooters
  11 deep troll shamans
  10 shock serpents
  An orc high priest (Elf:3)
  A soul eater (Vaults:3)
  11 spriggans
  4 iron trolls
  3 salamander mystics
  12 deep elf knights
  3 fire crabs
  3 titan skeletons (Depths:4)
  19 skeletal warriors
  3 wretched stars (Abyss:1)
  2 shadow wraiths
  An unseen horror (shapeshifter) (Depths:2)
  10 hell knights
  3 unseen horrors
  3 spectral hydras (Swamp:4)
  27 deep trolls
  A death drake (shapeshifter) (Vaults:4)
  4 shambling mangroves
  4 swamp dragons
  11 sea snakes
  A spriggan druid (Swamp:4)
  7 naga ritualists
  24 deep elf archers
  3 tengu zombies
  Pikel (D:6)
  A harpy (Vaults:3)
  17 ironbrand convokers
  2 flayed ghosts
  A wolf spider zombie (D:15)
  6 giant orange brains
  A giant orange brain (shapeshifter) (D:14)
  An anubis guard (shapeshifter) (Vaults:3)
  10 hill giants
  3 phantasmal warriors
  A golden dragon skeleton (Depths:4)
  A harpy (shapeshifter) (Depths:3)
  4 tengu skeletons
  3 orc sorcerers
  A sphinx skeleton (Depths:4)
  11 orc knights
  65 deep elf magi
  A mana viper (shapeshifter) (Vaults:1)
  11 mana vipers
  9 necromancers
  A griffon (shapeshifter) (Depths:5)
  8 griffons
  A hornet (shapeshifter) (Vaults:2)
  2 human zombies
  5 hornets
  3 wizards
  3 shadow dragon skeletons
  7 shining eyes
  A fire giant zombie (Vaults:4)
  16 cyclopes
  A stone giant zombie (Depths:1)
  78 ugly things
  7 wolf spiders
  A manticore (D:13)
  28 moths of wrath
  8 salamanders
  A worldbinder (Abyss:1)
  8 elephants
  An elephant (shapeshifter) (Vaults:1)
  A sixfirhy (Abyss:1)
  Maurice (D:9)
  3 iron dragon skeletons
  A salamander (shapeshifter) (D:14)
  A frost giant skeleton (Vaults:3)
  A moth of wrath (shapeshifter) (Vaults:5)
  A fire giant skeleton (Vaults:3)
  2 centaur zombies
  A stone giant skeleton (Vaults:3)
  50 black mambas
  A spriggan zombie (Depths:2)
  2 smoke demons (Abyss:1)
  A molten gargoyle (D:15)
  11 vault sentinels
  11 guardian serpents
  15 naga magi
  2 torpor snails
  3 eyes of devastation
  A spriggan skeleton (Depths:4)
  26 spiny frogs
  A spiny frog (shapeshifter) (Depths:2)
  32 yaktaurs
  3 rime drakes
  4 swamp worm zombies (Swamp:4)
  9 freezing wraiths
  3 kobold demonologists
  2 komodo dragons (shapeshifter)
  8 komodo dragons
  3 tengu conjurers
  A hellwing (Abyss:1)
  An efreet (D:15)
  A troll (shapeshifter) (D:14)
  9 polar bears
  A merfolk (shapeshifter) (Depths:3)
  A red devil (Depths:1)
  4 hydra zombies (Swamp:4)
  7 jumping spiders
  A wind drake (shapeshifter) (Depths:2)
  5 trolls
  5 raiju
  10 giant leeches
  8 blink frogs
  25 two-headed ogres
  2 blink frogs (shapeshifter)
  13 bog bodies
  5 boulder beetles
  2 raiju (shapeshifter)
  2 frost giant simulacra
  A spectral swamp dragon (Swamp:4)
  141 slime creatures
  5 alligator zombies (Swamp:4)
  6 flying skulls
  21 redbacks
  6 air elementals
  2 vampires
  2 wyverns
  4 shadows
  A tarantella (Vaults:4)
  41 yaks
  A yak (shapeshifter) (Vaults:3)
  5 water elementals
  A ynoxinul (Abyss:1)
  2 humans (shapeshifter) (Vaults:3)
  5 fire elementals
  16 golden eyes
  A hog (D:10)
  7 wraiths
  4 basilisks
  A hippogriff (shapeshifter) (Vaults:1)
  4 hungry ghosts
  A neqoxec (Abyss:1)
  9 hippogriffs
  13 wargs
  20 swamp worms
  10 insubstantial wisps
  A mottled dragon (D:15)
  37 vampire mosquitoes
  2 soldier ants (D:12)
  23 wolves
  47 nagas
  22 water moccasins
  2 hell hounds (Lair:8)
  12 porcupines
  35 orc warriors
  10 eyes of draining
  6 swamp drakes
  16 black bears
  3 ice beasts
  A necrophage (D:5)
  3 swamp dragon zombies (Swamp:4)
  4 slaves
  A black bear (shapeshifter) (Depths:1)
  48 ogres
  9 phantoms
  30 wasps
  14 starcursed masses (Abyss:1)
  10 boggarts
  A tengu (shapeshifter) (Vaults:3)
  A human skeleton (Vaults:4)
  8 centaurs
  9 elf skeletons
  4 small abominations (Abyss:1)
  4 big kobolds
  17 crocodiles
  A gnoll sergeant (D:12)
  16 giant frogs
  A wyvern zombie (D:10)
  An earth elemental (Elf:1)
  A water moccasin zombie (D:6)
  5 scorpions
  2 human simulacra
  22 killer bees
  16 wights
  4 electric eels
  7 crimson imps
  3 giant frog zombies
  A lava snake (Elf:2)
  2 quasits (Abyss:1)
  18 orc wizards
  20 hounds
  22 orc priests
  34 jellies
  A centaur skeleton (D:11)
  11 iguanas
  An iron imp (Abyss:1)
  3 giant frog skeletons
  A hell rat (shapeshifter) (D:14)
  A spectral swamp drake (Swamp:4)
  10 worker ants
  37 sheep
  A hound zombie (D:8)
  2 hound skeletons
  A howler monkey skeleton (D:5)
  10 gnolls
  3 swamp drake zombies (Swamp:4)
  22 adders
  58 river rats
  6 shadow imps
  3 ufetubi
  9 oozes
  An adder skeleton (D:9)
  3 worms
  A ball lightning (Zot:5)
  3 dart slugs
  6 giant geckos
  91 orcs
  6 ball pythons
  7 giant cockroaches
  9 goblins
  8 hobgoblins
  15 jackals
  32 kobolds
  5 quokkas
  6 bats
  4 giant newts
  A jackal skeleton (D:5)
  A quokka skeleton (D:5)
  8 rats
  8 fungi
  17 plants
2800 creatures vanquished.

Vanquished Creatures (collateral kills)
  An Orb Guardian (Zot:5)
  A storm dragon (Zot:4)
  A black draconian (Zot:1)
  A spark wasp (Depths:2)
  A purple draconian (Zot:1)
  A fire dragon (Zot:4)
  An anaconda (Snake:1)
  A hell knight (Depths:2)
  A cyclops (Orc:2)
  A spiny frog (Lair:6)
  2 polar bears (D:10)
  4 slime creatures
  A vampire mosquito (Swamp:1)
  3 swamp worms
  A naga (Snake:2)
  A wasp (Swamp:1)
22 creatures vanquished.

Vanquished Creatures (others)
  A deep elf master archer (Elf:3)
  A greater naga (Snake:4)
  A ghost moth (Zot:4)
  A draconian shifter (Zot:3)
  A curse skull (Vaults:3)
  A draconian zealot (Zot:1)
  2 stone giants
  A yellow draconian (Zot:1)
  A vault guard (Vaults:5)
  4 yaktaur captains
  A centaur warrior (Depths:3)
  2 naga sharpshooters
  A death drake (Swamp:4)
  6 deep elf archers
  2 cyclopes
  A moth of wrath (Zot:5)
  17 yaktaurs
  A swamp worm (Swamp:4)
  3 nagas
  An orc warrior (Orc:2)
  A boggart (Depths:3)
  5 centaurs
  An orc priest (Elf:3)
  A fire vortex (D:15)
  66 fungi
  A lurking horror (Abyss:1)
  49 plants
173 creatures vanquished.

Grand Total: 2995 creatures vanquished

Notes
Turn   | Place    | Note
--------------------------------------------------------------
     0 | D:1      | Foomius the Deep Dwarf Fighter began the quest for the Orb.
     0 | D:1      | Reached XP level 1. HP: 20/20 MP: 1/1
   402 | D:1      | Reached XP level 2. HP: 26/28 MP: 2/2
   880 | D:2      | Reached XP level 3. HP: 30/34 MP: 3/3
   936 | D:3      | Found an ancient bone altar of Kikubaaqudgha.
   979 | D:3      | Found a deep blue altar of Sif Muna.
   980 | D:3      | Found a radiant altar of Vehumet.
   983 | D:3      | Identified Kikubaaqudgha's Reference Book on Evil Rituals
  1129 | D:3      | Found a glowing golden altar of the Shining One.
  1137 | D:3      | Reached XP level 4. HP: 17/42 MP: 4/4
  1162 | D:3      | Found a burning altar of Makhleb.
  1169 | D:3      | Found a blossoming altar of Fedhas.
  1197 | D:3      | Found a stormy altar of Qazlal.
  1313 | D:4      | Noticed an ice beast
  1321 | D:4      | Killed an ice beast
  1321 | D:4      | Reached skill level 5 in Axes
  1321 | D:4      | Reached XP level 5. HP: 29/49 MP: 5/5
  1360 | D:4      | Found Quoni's Antique Weapon Shop.
  1681 | D:4      | Reached skill level 1 in Dodging
  1681 | D:4      | Reached XP level 6. HP: 14/56 MP: 6/6
  1985 | D:5      | Entered Level 5 of the Dungeon
  2011 | D:5      | Found a sacrificial altar of Ru.
  2094 | D:5      | Reached XP level 7. HP: 17/62 MP: 7/7
  2187 | D:5      | Reached skill level 5 in Armour
  2187 | D:5      | Reached skill level 1 in Evocations
  2273 | D:5      | Reached skill level 2 in Evocations
  2287 | D:5      | Found Nyffejipn's Distillery.
  2300 | D:5      | Bought a potion of curing for 39 gold pieces
  2300 | D:5      | Bought a potion of degeneration for 13 gold pieces
  2300 | D:5      | Bought a potion of heal wounds for 65 gold pieces
  2300 | D:5      | Bought a potion of mutation for 32 gold pieces
  2337 | D:5      | Found an oddly glowing altar of Pakellas.
  2341 | D:5      | Became a worshipper of Pakellas the Inventive
  2581 | D:5      | Reached XP level 8. HP: 21/69 MP: 8/10
  2923 | D:4      | Reached skill level 3 in Evocations
  3043 | D:2      | Reached * piety under Pakellas
  3551 | D:2      | Found a sparkling altar of Nemelex Xobeh.
  4717 | D:6      | Reached skill level 4 in Evocations
  4748 | D:6      | Noticed Pikel
  4814 | D:6      | Found a white marble altar of Elyvilon.
  4835 | D:6      | Reached ** piety under Pakellas
  4835 | D:6      | Received a gift from Pakellas
  4890 | D:6      | Found a staircase to the Ecumenical Temple.
  5285 | D:6      | Reached skill level 5 in Evocations
  5657 | D:8      | Reached skill level 6 in Evocations
  5866 | D:8      | Found a shimmering altar of Xom.
  5929 | D:8      | Gained mutation: You passively map the area around you. [Deep Dwarf growth]
  5929 | D:8      | Reached XP level 9. HP: 62/79 MP: 14/14
  5940 | D:8      | Reached *** piety under Pakellas
  6166 | D:8      | Found a sparkling altar of Nemelex Xobeh.
  6166 | D:8      | Found a white marble altar of Elyvilon.
  6312 | D:8      | Reached skill level 5 in Dodging
  6312 | D:8      | Reached skill level 7 in Evocations
  6390 | D:8      | Noticed an eight-headed hydra
  6394 | D:8      | Killed an eight-headed hydra
  6394 | D:8      | Reached skill level 5 in Fighting
  6394 | D:8      | Reached skill level 8 in Evocations
  6852 | D:6      | Killed Pikel
  6852 | D:6      | Reached skill level 9 in Evocations
  7200 | D:7      | Reached XP level 10. HP: 36/88 MP: 16/16
  7390 | D:9      | Noticed Maurice
  7439 | D:9      | Found a staircase to the Lair.
  7659 | D:9      | Reached **** piety under Pakellas
  7659 | D:9      | Received a gift from Pakellas
  7662 | D:9      | Reached skill level 10 in Evocations
  7679 | D:9      | Identified a +8 rod of ignition (9/9) (Pakellas gifted it to you on level 9 of the Dungeon)
  7693 | D:9      | Found a sparkling altar of Nemelex Xobeh.
  7992 | D:9      | Killed Maurice
  8220 | D:9      | Reached skill level 10 in Axes
  8274 | D:9      | Reached ***** piety under Pakellas
  8514 | Lair:1   | Entered Level 1 of the Lair of Beasts
  8521 | Lair:1   | Reached skill level 5 in Shields
  8799 | Lair:1   | Noticed a spiny frog
  8800 | Lair:1   | Noticed a spiny frog
  8801 | Lair:1   | Noticed a spiny frog
  8803 | Lair:1   | Killed a spiny frog
  8803 | Lair:1   | Killed a spiny frog
  8808 | Lair:1   | Killed a spiny frog
  8808 | Lair:1   | Reached XP level 11. HP: 30/96 MP: 18/18
 11968 | Lair:3   | Identified a scroll of acquirement
 12339 | Lair:3   | Found a runed door.
 12580 | Lair:3   | Noticed a seven-headed hydra
 12591 | Lair:3   | Killed a seven-headed hydra
 12651 | Lair:3   | Reached XP level 12. HP: 18/106 MP: 10/20
 12719 | Lair:4   | Noticed a six-headed hydra
 12724 | Lair:4   | Killed a six-headed hydra
 12724 | Lair:4   | Reached skill level 11 in Evocations
 12992 | Lair:4   | Reached ****** piety under Pakellas
 13261 | Lair:4   | Found a staircase to the Snake Pit.
 13494 | Lair:5   | Noticed a death yak
 13614 | Lair:5   | Noticed a seven-headed hydra
 13627 | Lair:5   | Killed a seven-headed hydra
 13769 | Lair:5   | Noticed a catoblepas
 13799 | Lair:5   | Killed a catoblepas
 13961 | Lair:5   | Noticed a death yak
 13992 | Lair:5   | Got a polished mace
 14012 | Lair:5   | Reached skill level 12 in Evocations
 14017 | Lair:5   | Killed a death yak
 14082 | Lair:5   | Killed a death yak
 14129 | Lair:5   | Received a gift from Pakellas
 14169 | Lair:5   | Identified the +5 mace of Xegoghecw {flame, rElec} (You found it on level 5 of the Lair of Beasts)
 14971 | Lair:6   | Found an oddly glowing altar of Pakellas.
 15266 | Lair:6   | Noticed a six-headed hydra
 15404 | Lair:6   | Reached XP level 13. HP: 49/112 MP: 22/22
 15713 | Lair:6   | Found a staircase to the Swamp.
 16099 | Lair:7   | Found a blossoming altar of Fedhas.
 16113 | Lair:7   | Reached skill level 15 in Axes
 16178 | Lair:7   | Reached skill level 13 in Evocations
 16395 | Lair:7   | Found a runed door.
 16399 | Lair:7   | Found a viscous altar of Jiyva.
 16400 | Lair:7   | Found a staircase to the Slime Pits.
 16512 | Lair:8   | Entered Level 8 of the Lair of Beasts
 16963 | Lair:8   | Noticed Tomstefer's ghost (journeyman MiGl)
 17812 | Lair:8   | Reached skill level 14 in Evocations
 18657 | Lair:8   | Received a gift from Pakellas
 18908 | Lair:8   | Gained mutation: You resist negative energy. [Deep Dwarf growth]
 18908 | Lair:8   | Reached XP level 14. HP: 92/121 MP: 21/24
 19872 | Lair:1   | Identified a +2 rod of inaccuracy (10/10) (You found it on level 8 of the Lair of Beasts)
 19922 | D:10     | Entered Level 10 of the Dungeon
 20114 | D:10     | Found a huge runed gate.
 20130 | D:10     | Found a huge runed gate.
 20130 | D:10     | Found a huge runed gate.
 20455 | D:10     | Found a staircase to the Orcish Mines.
 20758 | D:10     | Found a huge runed gate.
 21186 | D:11     | Reached skill level 15 in Evocations
 21320 | Orc:1    | Entered Level 1 of the Orcish Mines
 21522 | D:5      | Bought a potion of resistance for 130 gold pieces
 21771 | Orc:1    | Noticed Erolcha
 21782 | Orc:1    | Killed Erolcha
 22090 | Orc:2    | Entered Level 2 of the Orcish Mines
 22241 | Orc:2    | Reached skill level 10 in Armour
 22369 | Orc:2    | Noticed a stone giant
 22372 | Orc:2    | Found Ycsoun Fahye's Antique Armour Shop.
 22381 | Orc:2    | Killed a stone giant
 22400 | Orc:2    | Bought a pair of shimmering boots for 285 gold pieces
 22400 | Orc:2    | Bought a glowing cloak for 135 gold pieces
 22442 | Orc:1    | Identified the +0 pair of boots "Jimoshoph" {Regen+ Int+4 Dex-4 Stlth+} (You bought it in a shop on level 2 of the Orcish Mines)
 22466 | Orc:2    | Found Namus's Antique Weapon Boutique.
 22472 | Orc:2    | Noticed Donald
 22489 | Orc:1    | Killed Donald
 22673 | Orc:2    | Found a roughly hewn altar of Beogh.
 23027 | Orc:2    | Found Pehec's Book Shop.
 23189 | Orc:2    | Found Uqiluull's General Store.
 23197 | Orc:2    | Bought a potion of heal wounds for 75 gold pieces
 23197 | Orc:2    | Bought a wand of lightning (11/15) for 225 gold pieces
 23202 | Orc:2    | Found a staircase to the Elven Halls.
 23732 | Swamp:1  | Entered Level 1 of the Swamp
 23745 | Swamp:1  | Received a gift from Pakellas
 23763 | Swamp:1  | Reached skill level 16 in Evocations
 24100 | Swamp:1  | Reached XP level 15. HP: 76/135 MP: 27/27
 25173 | D:11     | Found Kuometz's Food Emporium.
 25204 | D:11     | Reached skill level 10 in Shields
 25337 | D:11     | Identified a +10 lightning rod (18/18) (supercharged by Pakellas)
 25830 | D:12     | Found a glowing golden altar of the Shining One.
 26117 | D:12     | Found a roughly hewn altar of Beogh.
 26441 | Lair:1   | Upgraded the game from 0.18-a0-1514-g6ed9364 to 0.18-a0-1521-g59d19af
 26857 | Swamp:2  | Reached skill level 10 in Fighting
 27525 | Swamp:2  | Reached skill level 17 in Evocations
 27556 | Swamp:2  | Upgraded the game from 0.18-a0-1521-g59d19af to 0.18-a0-1526-gcb34c7c
 27825 | Swamp:3  | Received a gift from Pakellas
 28827 | Swamp:4  | Entered Level 4 of the Swamp
 29711 | Swamp:4  | Noticed a thorn hunter
 29716 | Swamp:4  | Killed a thorn hunter
 29894 | Swamp:4  | Reached XP level 16. HP: 104/150 MP: 15/27
 30175 | Swamp:4  | Noticed a bone dragon
 30196 | Swamp:4  | Reached skill level 18 in Evocations
 30233 | Swamp:4  | Killed a bone dragon
 30330 | Swamp:4  | Got a decaying rune of Zot
 31296 | Snake:1  | Entered Level 1 of the Snake Pit
 33510 | Snake:2  | Noticed Frances
 33520 | Snake:2  | Killed Frances
 33520 | Snake:2  | Reached skill level 19 in Evocations
 34933 | Snake:3  | Received a gift from Pakellas
 35082 | Snake:3  | Reached XP level 17. HP: 75/162 MP: 20/29
 35693 | Snake:4  | Entered Level 4 of the Snake Pit
 35937 | Snake:4  | Reached skill level 20 in Evocations
 36486 | Snake:4  | Found a white marble altar of Elyvilon.
 37094 | Snake:4  | Reached skill level 15 in Shields
 37718 | Snake:4  | Reached skill level 10 in Dodging
 37900 | Snake:4  | Gained mutation: You passively map a large area around you. [Deep Dwarf growth]
 37900 | Snake:4  | Reached XP level 18. HP: 130/174 MP: 31/31
 38459 | Snake:4  | Got a serpentine rune of Zot
 38728 | Lair:1   | Learned a level 1 spell: Summon Butterflies
 38728 | Lair:1   | Upgraded the game from 0.18-a0-1526-gcb34c7c to 0.18-a0-1539-g1c7284a
 39062 | D:13     | Found Suinid's Antique Armour Boutique.
 39070 | D:13     | Bought a runed plate armour for 736 gold pieces
 39070 | D:13     | Bought a shimmering chain mail for 304 gold pieces
 39081 | D:13     | Identified the +4 chain mail "Muyrcho" {rC+} (You bought it in a shop on level 13 of the Dungeon)
 40022 | D:14     | Noticed Josephine
 40024 | D:14     | Killed Josephine
 40025 | D:14     | Noticed Agnes
 40062 | D:14     | Found a gate to the Vaults.
 40326 | D:14     | Killed Agnes
 40587 | D:14     | Received a gift from Pakellas
 40701 | D:14     | Identified a +4 rod of clouds (14/14) (Pakellas gifted it to you on level 14 of the Dungeon)
 40810 | D:14     | Noticed Urug
 40821 | D:14     | Killed Urug
 40972 | D:15     | Entered Level 15 of the Dungeon
 41598 | D:15     | Found a staircase to the Depths.
 42232 | Vaults:1 | Entered Level 1 of the Vaults
 42250 | Vaults:1 | Noticed Asterion
 42256 | Vaults:1 | Killed Asterion
 42362 | Vaults:1 | Upgraded the game from 0.18-a0-1539-g1c7284a to 0.18-a0-1542-g9c1a92e
 42621 | Vaults:1 | Noticed Aizul
 42639 | Vaults:1 | Killed Aizul
 42778 | Vaults:1 | Noticed Norris
 42779 | Vaults:1 | Reached XP level 19. HP: 135/184 MP: 9/32
 42803 | Vaults:1 | Killed Norris
 42803 | Vaults:1 | Reached skill level 15 in Fighting
 43643 | Vaults:1 | Received a gift from Pakellas
 44328 | Vaults:1 | Upgraded the game from 0.18-a0-1542-g9c1a92e to 0.18-a0-1560-ge216ca8
 45549 | Vaults:2 | Noticed Saint Roka
 45572 | Vaults:2 | Killed Saint Roka
 45792 | Vaults:2 | Reached XP level 20. HP: 137/196 MP: 33/33
 46559 | Vaults:2 | Found Saffor's Weapon Emporium.
 48068 | Vaults:3 | Found a staircase to the Crypt.
 48244 | Vaults:3 | Received a gift from Pakellas
 49085 | Vaults:3 | Noticed Sojobo
 49106 | Vaults:3 | Killed Sojobo
 49297 | Vaults:3 | Noticed Xtahua
 49319 | Vaults:3 | Killed Xtahua
 50155 | Vaults:4 | Reached XP level 21. HP: 161/205 MP: 34/34
 51930 | Slime:1  | Entered Level 1 of the Pits of Slime
 51971 | Slime:1  | Received a gift from Pakellas
 51994 | Slime:1  | Gained mutation: You are dopey. (Int -2) [a shining eye]
 52468 | Slime:3  | Gained mutation: Armour fits poorly on your strangely shaped body. [a shining eye]
 52470 | Slime:3  | Gained mutation: Your magical capacity is low (-10% MP). [a shining eye]
 52479 | Slime:3  | Gained mutation: You are surrounded by a mild repulsion field (EV +2). [a shining eye]
 52488 | Slime:3  | Gained mutation: Your spells are a little easier to cast, but a little less powerful. [a shining eye]
 52674 | Lair:1   | Lost mutation: Your magical capacity is low (-10% MP). [potion of cure mutation]
 52674 | Lair:1   | Lost mutation: You are surrounded by a mild repulsion field (EV +2). [potion of cure mutation]
 52674 | Lair:1   | Lost mutation: You are dopey. (Int -2) [potion of cure mutation]
 52674 | Lair:1   | Lost mutation: Armour fits poorly on your strangely shaped body. [potion of cure mutation]
 53108 | Slime:4  | Reached skill level 21 in Evocations
 54363 | Slime:5  | Gained mutation: You are clumsy. (Dex -2) [a shining eye]
 54570 | Slime:6  | Entered Level 6 of the Pits of Slime
 54595 | Slime:6  | Gained mutation: You are weak. (Str -2) [a shining eye]
 54615 | Slime:6  | Reached XP level 22. HP: 138/213 MP: 12/35
 54619 | Slime:6  | Noticed the Royal Jelly
 54642 | Slime:6  | Received a gift from Pakellas
 54644 | Slime:6  | Killed the Royal Jelly
 54644 | Slime:6  | Reached skill level 22 in Evocations
 54713 | Slime:4  | Gained mutation: You are occasionally teleported next to monsters. [mutagenic glow]
 55188 | Slime:6  | Got a slimy rune of Zot
 55547 | Slime:6  | Got a shimmering great mace
 55599 | Slime:6  | Identified the Guide on the Dusty Entourage
 56217 | Depths:1 | Entered Level 1 of the Depths
 56291 | Depths:1 | Found Egod's Serpentskin Sales.
 56338 | Depths:1 | Found a flickering gateway to a bazaar.
 56476 | Bazaar   | Entered a bazaar
 56476 | Bazaar   | Found Kegearaemp's Weapon Emporium.
 56500 | Bazaar   | Found Seuc's Gadget Boutique.
 56503 | Bazaar   | Found Panoe's Magic Scroll Shoppe.
 56512 | Bazaar   | Bought a scroll of teleportation for 54 gold pieces
 56512 | Bazaar   | Bought a scroll of fog for 36 gold pieces
 56534 | Bazaar   | Found Piapnosm's Antique Armour Boutique.
 56541 | Bazaar   | Found Zangapur's Jewellery Emporium.
 56623 | Depths:1 | Found a gateway to Hell.
 56855 | Depths:1 | Found a gateway to a ziggurat.
 57475 | Vaults:5 | Entered Level 5 of the Vaults
 57483 | Vaults:5 | Noticed a golden dragon
 57509 | Vaults:5 | Killed a golden dragon
 57537 | Vaults:4 | Reached skill level 15 in Armour
 57833 | Vaults:5 | Reached XP level 23. HP: 154/220 MP: 37/37
 58094 | Vaults:5 | Received a gift from Pakellas
 58435 | Vaults:4 | Reached skill level 23 in Evocations
 58840 | Vaults:5 | Got a steaming lead ring
 58841 | Vaults:5 | Identified the ring of the Commoners {Fire rN+ MR+ Str+5} (You took it off a deep elf demonologist on level 5 of the Vaults)
 59382 | Vaults:5 | Got a silver rune of Zot
 59486 | Vaults:5 | Got a pitted scale mail
 59487 | Vaults:5 | Identified the +3 scale mail "Jaime" {rF+ rN++ Dex+9 Slay-4} (You found it on level 5 of the Vaults)
 59987 | Vaults:5 | Got a vibrating sapphire amulet
 59988 | Vaults:5 | Identified the amulet of Modesty {Inacc +Inv rC+++ Int-5 Dex-2} (You found it on level 5 of the Vaults)
 60043 | Vaults:5 | Got a smelly chain mail
 60044 | Vaults:5 | Identified the cursed +1 chain mail of the Komtur {+Blink rElec Str+6 Dex-2} (You found it on level 5 of the Vaults)
 60086 | Vaults:5 | Got an ivory shortbow
 60468 | Vaults:5 | Learned a level 3 spell: Vampiric Draining
 61271 | Elf:1    | Entered Level 1 of the Elven Halls
 61732 | Elf:1    | Noticed Hilldric's ghost (journeyman HOFi)
 61744 | Elf:1    | Killed Hilldric's ghost
 62219 | Elf:1    | Got an ichor-stained plate armour
 62230 | Elf:1    | Identified the cursed +1 plate armour of Negligence {rPois rC+ Dex+4} (You found it on level 1 of the Elven Halls)
 62461 | Elf:2    | Found Deoreume's Elven Fire.
 62624 | Elf:2    | Found a magical portal.
 62632 | WizLab   | Entered Wucad Mu's Monastery
 62799 | WizLab   | Reached XP level 24. HP: 206/229 MP: 17/37
 62839 | WizLab   | Reached skill level 15 in Dodging
 62839 | WizLab   | Reached XP level 25. HP: 212/236 MP: 17/37
 63301 | Elf:2    | Found a runed gate.
 63301 | Elf:2    | Found a runed gate.
 63302 | Elf:2    | Found a runed gate.
 63438 | Elf:2    | Upgraded the game from 0.18-a0-1560-ge216ca8 to 0.18-a0-1562-gac8da35
 64316 | Depths:2 | Noticed a juggernaut
 64338 | Depths:2 | Killed a juggernaut
 64476 | Depths:2 | Received a gift from Pakellas
 64597 | Depths:2 | Upgraded the game from 0.18-a0-1562-gac8da35 to 0.18-a0-1572-g0a86841
 64981 | Elf:3    | Entered Level 3 of the Elven Halls
 65662 | Elf:3    | Got a brightly glowing zirconium amulet
 65663 | Elf:3    | Identified the amulet "Icrom" {Dismiss rF+} (You took it off a deep elf annihilator on level 3 of the Elven Halls)
 65685 | Elf:3    | Identified Sif Muna's Collected Works on the Compass
 65786 | Elf:3    | Got a scorched chain mail
 65799 | Elf:3    | Identified the +7 chain mail "Osoiv" {*Contam rElec Stlth+} (You found it on level 3 of the Elven Halls)
 65943 | Orc:2    | Bought 2 potions of cancellation for 240 gold pieces
 65943 | Orc:2    | Bought a scroll of enchant armour for 112 gold pieces
 66573 | Elf:3    | Got an ancient chain mail
 66584 | Elf:3    | Identified the +8 chain mail "Tophitek" {rCorr Str+4 Dex-2 Slay+3} (You took it off a deep elf master archer on level 3 of the Elven Halls)
 66616 | Elf:3    | Identified Quts's Collected Works on Protection
 66920 | Vaults:1 | Upgraded the game from 0.18-a0-1572-g0a86841 to 0.18-a0-1575-g920359c
 67065 | Vaults:5 | Learned a level 1 spell: Apportation
 68271 | Depths:2 | Reached skill level 24 in Evocations
 68583 | Depths:2 | Got a faintly glowing battleaxe {chop}
 68626 | Depths:2 | Noticed a juggernaut
 68652 | Depths:2 | Killed a juggernaut
 68652 | Depths:2 | Reached XP level 26. HP: 230/249 MP: 29/38
 69192 | Depths:3 | Found a one-way gate leading to the halls of Pandemonium.
 70268 | Depths:4 | Reached skill level 25 in Evocations
 70310 | Depths:4 | Received a gift from Pakellas
 70495 | Depths:4 | Upgraded the game from 0.18-a0-1575-g920359c to 0.18-a0-1577-gf591c28
 70588 | Depths:4 | Found a portal to a secret trove of treasure.
 70840 | Depths:4 | Found Megoaqid's Weapon Shoppe.
 70851 | Depths:4 | Found a one-way gate to the infinite horrors of the Abyss.
 71490 | Depths:4 | Gained mutation: You are somewhat resistant to further mutation. [helix card]
 71515 | Depths:4 | Identified the Compendium of Necromancy
 71528 | Depths:4 | Lost mutation: You are clumsy. (Dex -2) [helix card]
 71647 | Depths:5 | Entered Level 5 of the Depths
 71793 | Depths:5 | Reached skill level 26 in Evocations
 71918 | Depths:5 | Noticed Margery
 71932 | Depths:5 | Killed Margery
 72043 | Depths:5 | Found a gate to the Realm of Zot.
 72540 | Depths:5 | Reached XP level 27. HP: 214/265 MP: 2/39
 73094 | Zot:1    | Entered Level 1 of the Realm of Zot
 73387 | Zot:1    | Received a gift from Pakellas
 73461 | Zot:1    | Reached skill level 27 in Evocations
 74917 | Zot:2    | Reached skill level 1 in Spellcasting
 75156 | Zot:2    | Lost mutation: Your spells are a little easier to cast, but a little less powerful. [potion of cure mutation]
 75156 | Zot:2    | Lost mutation: You are weak. (Str -2) [potion of cure mutation]
 75156 | Zot:2    | Lost mutation: You are somewhat resistant to further mutation. [potion of cure mutation]
 75156 | Zot:2    | Lost mutation: You are occasionally teleported next to monsters. [potion of cure mutation]
 75382 | Vaults:1 | Gained mutation: You have a pair of small horns on your head. [potion of beneficial mutation]
 75383 | Vaults:1 | Gained mutation: You are agile. (Dex +2) [potion of beneficial mutation]
 76680 | Zot:3    | Noticed an orb of fire
 76682 | Zot:3    | Gained mutation: Scrolls take you a little longer to read. [an orb of fire]
 76684 | Zot:3    | Gained mutation: You are weak. (Str -2) [an orb of fire]
 76714 | Zot:3    | Gained mutation: You are very weak. (Str -4) [an orb of fire]
 76717 | Zot:3    | Killed an orb of fire
 77208 | Zot:3    | Got an ancient trident
 77211 | Zot:3    | Identified the +4 trident "Nunifu" {pierce, rC+ rN+} (You found it on level 3 of the Realm of Zot)
 78061 | Zot:4    | Reached skill level 5 in Spellcasting
 78506 | Zot:4    | Upgraded the game from 0.18-a0-1577-gf591c28 to 0.18-a0-1643-gb89d9db
 78566 | Zot:5    | Entered Level 5 of the Realm of Zot
 78870 | Zot:5    | Noticed an ancient lich
 78887 | Zot:5    | Killed an ancient lich
 78976 | Zot:5    | Noticed an orb of fire
 79005 | Zot:5    | Noticed an ancient lich
 79028 | Zot:5    | Killed an orb of fire
 79031 | Zot:5    | Killed an ancient lich
 79038 | Zot:5    | Noticed an orb of fire
 79057 | Zot:5    | Killed an orb of fire
 79057 | Zot:5    | Reached skill level 1 in Necromancy
 79057 | Zot:5    | Reached skill level 1 in Translocations
 79163 | Zot:5    | Reached skill level 1 in Summonings
 79431 | Zot:5    | Noticed an orb of fire
 79434 | Zot:5    | Lost mutation: You have a pair of small horns on your head. [the power of Zot]
 79436 | Zot:5    | Noticed an orb of fire
 79436 | Zot:5    | Gained mutation: You tend to lose your temper in combat. [the power of Zot]
 79436 | Zot:5    | Gained mutation: Your spells are a little easier to cast, but a little less powerful. [the power of Zot]
 79440 | Zot:5    | Noticed an orb of fire
 79441 | Zot:5    | Gained mutation: Your magical capacity is low (-10% MP). [the power of Zot]
 79441 | Zot:5    | Gained mutation: Armour fits poorly on your strangely shaped body. [an orb of fire]
 79584 | Zot:5    | Gained mutation: You occasionally shout uncontrollably at your foes. [an orb of fire]
 79586 | Zot:5    | Gained mutation: Your body sometimes deteriorates upon taking damage. [an orb of fire]
 79595 | Zot:5    | Gained mutation: Your magical capacity is very low (-20% MP). [an orb of fire]
 79692 | Zot:4    | Lost mutation: You are agile. (Dex +2) [a Zot trap]
 80104 | D:11     | Gained mutation: You are agile. (Dex +2) [potion of mutation]
 80104 | D:11     | Lost mutation: Scrolls take you a little longer to read. [potion of mutation]
 80204 | Lair:1   | Gained mutation: Your flesh is heat resistant. [potion of mutation]
 80204 | Lair:1   | Lost mutation: Armour fits poorly on your strangely shaped body. [potion of mutation]
 80204 | Lair:1   | Lost mutation: You tend to lose your temper in combat. [potion of mutation]
 80206 | Lair:1   | Lost mutation: You are agile. (Dex +2) [potion of mutation]
 80206 | Lair:1   | Gained mutation: You have large cloven feet. [potion of mutation]
 80457 | Swamp:4  | Lost mutation: Your magical capacity is very low (-20% MP). [potion of mutation]
 80457 | Swamp:4  | Gained mutation: Armour fits poorly on your strangely shaped body. [potion of mutation]
 80457 | Swamp:4  | Gained mutation: You are partially covered in molten scales (AC +1). [potion of mutation]
 80648 | Slime:6  | Gained mutation: You expend magic power (3 MP) to strengthen your wands. [potion of mutation]
 80648 | Slime:6  | Gained mutation: You are clumsy. (Dex -2) [potion of mutation]
 80649 | Slime:6  | Lost mutation: Your magical capacity is low (-10% MP). [potion of mutation]
 81146 | Vaults:4 | Gained mutation: Scrolls take you a little longer to read. [potion of mutation]
 81146 | Vaults:4 | Gained mutation: You are dopey. (Int -2) [potion of mutation]
 81326 | Vaults:2 | Gained mutation: Scrolls take you longer to read. [mutagenic meat]
 81327 | Vaults:2 | Lost mutation: Scrolls take you longer to read. [mutagenic meat]
 81330 | Vaults:2 | Lost mutation: You are dopey. (Int -2) [mutagenic meat]
 81340 | Vaults:2 | Gained mutation: Your magical capacity is low (-10% MP). [mutagenic meat]
 81560 | Depths:4 | Voluntarily entered the Abyss.
 81677 | Abyss:1  | Gained mutation: Your spells are easier to cast, but less powerful. [a neqoxec]
 81818 | Abyss:1  | Found a roughly hewn altar of Beogh.
 81938 | Abyss:1  | Received a gift from Pakellas
 81964 | Abyss:1  | Lost mutation: Your flesh is heat resistant. [mutagenic meat]
 81965 | Abyss:1  | Lost mutation: Scrolls take you a little longer to read. [mutagenic meat]
 82004 | Abyss:1  | Reached skill level 5 in Necromancy
 82023 | Depths:4 | Escaped the Abyss
 82242 | Zot:2    | Identified a +2 rod of inaccuracy (9/9) (Pakellas gifted it to you on level 1 of the Abyss)
 82245 | Zot:2    | Reached skill level 5 in Translocations
 82312 | Zot:4    | Gained mutation: You are dopey. (Int -2) [an orb of fire]
 82323 | Zot:4    | Killed an orb of fire
 82338 | Zot:5    | Lost mutation: Your spells are easier to cast, but less powerful. [an orb of fire]
 82350 | Zot:4    | Gained mutation: Your spells are easier to cast, but less powerful. [an orb of fire]
 82374 | Zot:4    | Killed an orb of fire
 82463 | Zot:5    | Gained mutation: You are occasionally teleported next to monsters. [an orb of fire]
 82485 | Zot:5    | Lost mutation: You are very weak. (Str -4) [an orb of fire]
 82492 | Zot:5    | Gained mutation: Your magical capacity is very low (-20% MP). [an orb of fire]
 82501 | Zot:5    | Killed an orb of fire
 82520 | Zot:5    | Noticed an orb of fire
 82528 | Zot:5    | Noticed an ancient lich
 82530 | Zot:5    | HP: 5/268 [black draconian/bolt of lightning (29)]
 82709 | Depths:2 | Killed from afar by a spark wasp

Vault maps used:
D:1:      lightli_arrival_noodles, minmay_cut_off
D:2:      serial_forest, infiniplex_forest_lined_2,
          infiniplex_forest_clump_double, infiniplex_forest_split,
          infiniplex_forest_lined_1, infiniplex_forest_diagonal,
          infiniplex_forest_join, infiniplex_forest_corner_2, first_bread,
          nemelex_spade_bored_becter
D:3:      grunt_temple_overflow_magic_moments, grunt_temple_overflow_cloverleaf
D:4:      black_bear_nest_2, serial_shops, shop, gup_sewer_entry_spiral
D:5:      nicolae_ru_great_annihilating_truth, grunt_pakellas_basics,
          serial_shops, shop
D:6:      minmay_temple_entry_glassed_door, elyvilon_altar_3, uniq_pikel
D:8:      xom_butterflies, gammafunk_temple_overflow_wave,
          hangedman_little_slice_of_home
D:9:      david_lair_shrubbed, nemelex_xobeh_ov_fountains_minmay, uniq_maurice
D:10:     lemuel_bear_cage, orc_0_dummy
D:11:     serial_shops, shop
D:12:     basic_altar, david_defended_altar_orc
D:13:     serial_shops, shop
D:14:     david_vaults_2, uniq_josephine, uniq_agnes, uniq_urug
D:15:     grunt_enter_depths_giant_problem, nicolae_lava_and_water,
          grunt_ministairs_4
Lair:1:   beast_lair_carwin_2, grunt_megastairs_3
Lair:2:   minivault_26
Lair:3:   pf_torpor_hydra
Lair:4:   minmay_snake_entry_six_corridors, fungi_pond_lemuel,
          grunt_megastairs_5
Lair:5:   grunt_megastairs_4, serial_bayou_shore_b
Lair:6:   nicolae_swamp_entry_splash_gauntlet, basic_altar, grunt_megastairs_2
Lair:7:   slime_altar_2, basic_altar, infiniplex_staircase_pool
Lair:8:   hangedman_lair_tendril_chambers, hangedman_lair_caniforms_friends,
          minivault_11, minivault_24
Swamp:1:  evilmike_swamp_ruin_house_2, hangedman_swamp_cone
Swamp:2:  evilmike_swamp_ruin_house_5
Swamp:3:  nicolae_swamp_dense_foliage, swamp_pool1
Swamp:4:  swamp_pestilence, swamp_pool2, infiniplex_staircase_pool_2
Snake:1:  nicolae_snake_round_shape_thing
Snake:2:  serial_bayou_shore_a, uniq_frances
Snake:4:  grunt_snake_rune_pools, basic_altar, grunt_ministairs_2,
          basic_stair_grate_trap
Slime:2:  cheibrodos_slime_lost_civilization_4
Slime:3:  cheibrodos_slime_lost_civilization_7
Slime:4:  nicolae_slime_round_cave
Orc:1:    uniq_erolcha
Orc:2:    grunt_orc_gardens, grunt_orc_garden, grunt_orc_garden,
          grunt_orc_garden, grunt_orc_garden, basic_altar, abandoned_shop,
          uniq_donald
Elf:1:    minmay_elf_arrival_summoners
Elf:2:    infiniplex_enter_wizlab_glasses, guppyfry_elf_lava
Elf:3:    elf_hall_gauntlet_narrow
Vaults:1: vaults_mumra_hex, vaults_room_corners, v_misc_14,
          grunt_vaults_trifunnel, vaults_room_pools, nicolae_vaults_gold_heap,
          vaults_room_octagon, v_misc_16, nicolae_vaults_ninety_degrees,
          vaults_room_hallway, vaults_room_grunt_arrival_ludios,
          hangedman_vaults_maws, st_quartered_hall, v_misc_24,
          vaults_dpeg_diagonal, grunt_vaults_focal, uniq_asterion, uniq_aizul,
          uniq_norris
Vaults:2: dpeg_vaults_monster_row, vaults_room_guarded_vault, vaults_room_pool,
          hangedman_vaults_trim, hangedman_vaults_stagger,
          nicolae_vaults_little_squares_3, hangedman_vaults_hat, v_pattern_3,
          v_misc_19, vaults_standard_mumra_lines,
          nicolae_vaults_little_squares_6, ontoclasm_vaults_idyll, serial_shops,
          nicolae_shop_waterfront, uniq_saint_roka
Vaults:3: minmay_crypt_entry_simple_corners, hangedman_vaults_trim, v_misc_9,
          vaults_room_boxed, vaults_mumra_hexcomb, v_misc_9, st_greater_box_5,
          hangedman_vaults_slice, nicolae_vaults_little_squares_5,
          nicolae_vaults_angled_halls, uniq_sojobo, uniq_xtahua
Vaults:4: nicolae_vaults_arrows, hangedman_vaults_nails, v_misc_24, v_misc_13,
          v_misc_2, vaults_room_stairs_pillars, v_misc_27
Depths:1: enter_ziggurat_e, serial_shops, bzr_entry_lakeside,
          grunt_mini_vestibule, hangedman_decor_push, serial_bayou_pond_a,
          guppyfry_shop_venom
Depths:2: grunt_runaround, hell_entry
Depths:3: kennysheep_windowed_halls, serial_bayou_pond_e,
          grunt_pan_entry_spiral, hell_entry, minmay_misc_feat_tower,
          serial_bayou_shore_b
Depths:4: minmay_skeleton_keep, hangedman_tar_grid_catacomb, enter_trove_3,
          abyss_entry, serial_shops, shop_statue, serial_co_window_serial,
          co_window_cross_1, co_window_paths_b, co_window_corner_a,
          co_window_paths_a, co_window_corner_a, co_window_unsneaky_path_b,
          co_window_broadway_a, co_window_corner_b, co_window_4corner_a
Depths:5: evilmike_zot_entry_argh, hell_entry, grunt_decor_cap, uniq_margery
Zot:1:    kennysheep_spiral_hall
Zot:3:    kennysheep_room_grid, lemuel_elevator
Zot:4:    grunt_ministairs_3
Zot:5:    grunt_ministairs_8
Abyss:1:  hangedman_abyss_or_decor_slice
Bazaar:   bazaar_kb_twisted_cavern
WizLab:   wizlab_wucad

Skill      XL: |  1  2  3  4  5  6  7  8  9 10 11 12 13 14 15 16 17 18 19 20 21 22 23 24 25 26 27 |
---------------+----------------------------------------------------------------------------------+-----
Fighting       | 3 4 5 6 9 11 12 13 14 16 17 19 20 | 20.1
Axes           | 3 4 5 6 7 8 10 12 14 16 17 18 19 | 19.3
Armour         | 4 5 6 8 9 11 12 13 14 15 16 17 19 | 19.1
Dodging        | 1 2 3 4 6 7 8 9 10 11 12 13 14 15 17 19 | 19.0
Shields        | 4 6 8 9 12 13 15 16 18 19 20 22 25 26 | 26.1
Evocations     | 2 6 9 10 12 14 16 17 19 20 21 22 23 24 26 27 | 27.0
Spellcasting   | 7 |  7.0
Necromancy     | 5 |  5.1
Translocations | 5 |  5.0
Summonings     | 3 |  3.8

Action                   |  1- 3 |  4- 6 |  7- 9 | 10-12 | 13-15 | 16-18 | 19-21 | 22-24 | 25-27 || total
-------------------------+-------+-------+-------+-------+-------+-------+-------+-------+-------++-------
Melee: War axe           |   130 |   128 |   373 |   632 |   982 |  1014 |   349 |       |       ||  3608
       Mace              |       |       |       |     9 |    56 |    84 |    40 |    29 |   163 ||   381
       Spiked flail      |       |       |       |       |       |     1 |       |       |       ||     1
       Broad axe         |       |       |       |       |       |       |   614 |   636 |  1488 ||  2738
       Trident           |       |       |       |       |       |       |       |       |    18 ||    18
 Fire: Hand crossbow     |       |     2 |    55 |    58 |    33 |       |       |       |       ||   148
       Blowgun           |       |       |    51 |   175 |    80 |     4 |       |       |       ||   310
Throw: Stone             |    37 |     1 |       |       |       |       |       |       |       ||    38
       Tomahawk          |       |    14 |    30 |    48 |    90 |    30 |       |       |       ||   212
       Javelin           |       |       |       |       |       |     7 |    67 |     6 |       ||    80
 Cast: Vampiric Draining |       |       |       |       |       |       |       |       |     2 ||     2
Invok: Quick Charge      |       |       |     4 |    11 |    27 |    66 |    52 |    45 |    97 ||   302
       Device Surge      |       |       |     1 |       |       |     1 |       |       |       ||     2
       Supercharge       |       |       |       |       |     1 |       |       |       |       ||     1
 Abil: Device Recharging |       |       |       |       |     1 |       |       |       |       ||     1
Evoke: Wand              |       |     2 |    39 |   133 |   161 |   222 |   151 |   135 |   357 ||  1200
       Rod               |       |       |       |    14 |   284 |   323 |   268 |   255 |   557 ||  1701
       Phantom mirror    |       |       |       |     1 |     1 |       |       |       |       ||     2
       Deck              |       |       |       |       |     6 |     3 |     1 |     4 |    19 ||    33
       Disc of storms    |       |       |       |       |     3 |       |       |     3 |       ||     6
       Lamp of fire      |       |       |       |       |       |       |     1 |     2 |     1 ||     4
       Fan of gales      |       |       |       |       |       |       |     1 |     1 |     1 ||     3
       Stone of tremors  |       |       |       |       |       |       |       |       |     2 ||     2
  Use: Potion            |       |     2 |     3 |    12 |    14 |    23 |    15 |    16 |    35 ||   120
       Scroll            |       |     1 |     3 |    19 |    17 |     5 |    13 |    19 |    30 ||   107
 Stab: Invisible         |       |       |       |     3 |       |       |     7 |     7 |       ||    17
       Paralysed         |       |       |       |       |    34 |    10 |       |       |    35 ||    79
       Distracted        |       |       |       |       |       |       |       |       |     7 ||     7
  Eat: Chunk             |     1 |     3 |    10 |    25 |    79 |    23 |    33 |    25 |   102 ||   301
       Meat ration       |       |       |     2 |     1 |       |     2 |     5 |     4 |     4 ||    18
       Royal jelly       |       |       |       |     2 |     6 |    18 |     3 |       |     1 ||    30
       Fruit             |       |       |       |     2 |     3 |     1 |       |     5 |    24 ||    35
       Beef jerky        |       |       |       |       |     1 |       |     3 |       |     1 ||     5
       Bread ration      |       |       |       |       |       |       |     5 |     4 |     3 ||    12
       Pizza             |       |       |       |       |       |       |     1 |     1 |     2 ||     4
